 Dungeon Crawl Stone Soup version 0.30-a0-347-gf58ed5266c (webtiles) character file.

Game seed: 6762213110549670008

812 Asagix the Conjurer (level 7, -7/55 HPs)
             Began as a Demigod Conjurer on Nov 5, 2022.
             Mangled by a yak (16 damage)
             ... on level 5 of the Dungeon.
             The game lasted 00:15:58 (5327 turns).

Asagix the Conjurer (Demigod Conjurer)              Turns: 5327, Time: 00:16:00

Health: -7/55      AC:  5    Str:  8    XL:     7   Next: 35%
Magic:  15/17      EV: 12    Int: 28    God:
Gold:   256        SH:  0    Dex: 12    Spells: 11/14 levels left

rFire   . . .      SeeInvis .    h - +2 rapier (vamp)
rCold   . . .      Faith    .    (no shield)
rNeg    + . .      Spirit   .    a - +0 robe
rPois   .          Reflect  .    t - +1 helmet
rElec   .          Harm     .    (no cloak)
rCorr   .          Rampage  .    (no gloves)
Will    .....                    q - +0 pair of boots
Stlth   ++........               b - amulet of magic regeneration
HPRegen 0.29/turn                j - ring of positive energy
MPRegen 0.55/turn                (no ring)

@: no status effects
A: high MP 1, forlorn, divine attributes
a: no special abilities


You were on level 5 of the Dungeon.
You visited 1 branch of the dungeon, and saw 5 of its levels.

You collected 256 gold pieces.

Inventory:

Hand Weapons
 h - a +2 vampiric rapier (weapon)
 m - a +2 whip of electrocution
Armour
 a - a +0 robe (worn)
 o - a +0 helmet
 q - a +0 pair of boots (worn)
 t - a +1 helmet (worn)
Magical Staves
 r - a staff of poison
Jewellery
 b - an amulet of magic regeneration (around neck)
 j - a ring of positive energy (left hand)
Scrolls
 f - 2 scrolls of amnesia
 k - a scroll of poison
 p - 2 scrolls of teleportation
 v - 3 scrolls of fear
 z - a scroll of magic mapping {unknown}
 A - a scroll of fog {unknown}
Potions
 c - a potion of heal wounds {unknown}
 d - a potion of ambrosia
 e - a potion of haste {unknown}
 g - 3 potions of lignification
 i - a potion of degeneration
 l - 3 potions of berserk rage
 n - 2 potions of curing {unknown}
 s - a potion of might {unknown}
 u - a potion of mutation {unknown}
 w - a potion of cancellation {unknown}
 x - 2 potions of brilliance {unknown}


   Skills:
 + Level 2.0 Fighting
 + Level 1.2 Short Blades
 + Level 2.8 Dodging
 + Level 3.2 Stealth
 + Level 4.4 Spellcasting
 + Level 5.8 Conjurations


You had 11 spell levels left.
You knew the following spells:

 Your Spells              Type           Power      Damage    Failure   Level
a - Magic Dart            Conj           100%       1d8       1%          1
b - Searing Ray           Conj           76%        2d7       1%          2

Your spell library contained the following spells:

 Spells                   Type           Power      Damage    Failure   Level
 Dazzling Flash           Conj/Hex       44%        N/A       6%          3
 Hailstorm                Conj/Ice       22%        3d7       6%          3
 Freeze                   Ice            24%        1d4       7%          1
 Ensorcelled Hibernation  Hex/Ice        12%        N/A       11%         2
 Frozen Ramparts          Ice            12%        1d2       22%         3
 Spider Form              Tmut/Pois      6%         N/A       22%         3
 Fulminant Prism          Conj/Hex       11%        3d9       22%         4
 Iskenderun's Mystic Bla  Conj/Tloc      22%        2d6       22%         4
 Anguish                  Hex/Necr       3%         N/A       56%         4
 Yara's Violent Unravell  Hex/Tmut       3%         3d4       89%         5
 Enfeeble                 Hex            3%         N/A       100%        7


Dungeon Overview and Level Annotations

Branches:
Dungeon (5/15)
 Temple: D:4-7

Annotations:
D:5 twist's ghost, novice OpHs


Innate Abilities, Weirdness & Mutations

You have an increased reservoir of magic. (+10% MP)
You shall have no god before yourself.
Your divine heritage dramatically boosts your attributes as you level up.


Message History

Your orc priest hits the ice beast with a +0 club.
The ice beast hits you but does no damage.
The necrophage closely misses your scorpion.
Twist's ghost hits your orc.
Your orc dies!
Your orc's corpse dissolves into shadows!
The searing ray hits the ice beast.
The ice beast is moderately wounded.
The searing ray hits the yak!
The yak is severely wounded.
The searing ray hits the centaur.
The centaur is moderately wounded.
Your orc dissolves into shadows!
Your scorpion stings the necrophage.
Your dart slug bites twist's ghost but does no damage.
Your orc priest hits the ice beast with a +0 club.
The ice beast hits you but does no damage.
The necrophage hits your scorpion.
The searing ray hits the yak!
The yak is almost dead.
Your orc priest dissolves into shadows!
Your scorpion stings the necrophage but does no damage.
The ice beast hits you but does no damage.
The yak barely misses you.
Twist's ghost hits your scorpion but does no damage.
The necrophage hits your scorpion. The yak attacks as you move away!
The yak gores you! The ice beast attacks as you move away!
The ice beast barely misses you.
The centaur shoots an arrow.
The arrow misses you.
Your scorpion stings the necrophage.
Your dart slug launches a dart at the yak.
The slug dart hits the centaur.
The necrophage hits your scorpion.
You are too injured to fight recklessly!
The jelly attacks as you move away! The jelly closely misses you.
Your scorpion stings the necrophage but does no damage.
The centaur shoots an arrow.
The arrow hits you!
* * * LOW HITPOINT WARNING * * *
Your dart slug closely misses the ice beast.
The yak gores you!
You die...

... .# ..#### ...
..... # .... .....#
#######..#.
).....#... ..#.
.#...#..#
..#..#.#..s.@##
..#.)....ncWYJ#
.#.$#.#..'.Y.#
#...#...#w.)#### ..
#.......#......## .
.#
...#########.......#
..# .#
#..............##..#
#.# .#
#.......).....###..#
#.##.#
#..#.##.##.....##..##
#.#..#


You could see a yak (ally target), an ice beast, a necrophage (ally target), a
centaur, a jelly, twist's ghost, a friendly scorpion (summoned) and a friendly
dart slug (summoned).

Vanquished Creatures
  Eustachio (D:4)
  An ogre (D:4)
  A necrophage (D:4)
  A scorpion (D:5)
  3 hounds
  A jelly (D:4)
  A gnoll bouda (D:4)
  An orc priest (D:4)
  2 iguanas
  2 orc wizards (D:4)
  9 gnolls (D:4)
  2 adders
  2 worms
  8 orcs
  3 bats
  4 endoplasms
  3 giant cockroaches
  6 goblins
  8 hobgoblins
  10 jackals
  3 quokkas
  6 ball pythons
  3 frilled lizards
  5 kobolds
  8 rats
94 creatures vanquished.

Notes
Turn   | Place    | Note
-------+----------+-------------------------------------------
     0 | D:1      | Asagix the Demigod Conjurer began the quest for the Orb.
     0 | D:1      | Reached XP level 1. HP: 14/14 MP: 5/5
   326 | D:1      | Reached XP level 2. HP: 13/20 MP: 0/7
   423 | D:1      | Reached skill level 4 in Conjurations
  1571 | D:2      | Reached XP level 3. HP: 26/26 MP: 6/8
  2461 | D:3      | Reached skill level 1 in Fighting
  3582 | D:3      | Learned a level 2 spell: Searing Ray
  3632 | D:4      | Noticed an ogre
  3636 | D:4      | Killed an ogre
  3637 | D:4      | Reached XP level 4. HP: 35/35 MP: 4/11
  3640 | D:4      | Reached XP level 5. HP: 40/40 MP: 1/12
  4078 | D:4      | Reached skill level 5 in Conjurations
  4078 | D:4      | Reached XP level 6. HP: 23/47 MP: 7/14
  4082 | D:4      | HP: 2/47 [orc priest/+0 short sword (4)]
  4298 | D:4      | Reached skill level 1 in Short Blades
  4315 | D:4      | Noticed Eustachio
  4349 | D:4      | Killed Eustachio
  4543 | D:4      | Reached XP level 7. HP: 53/53 MP: 13/16
  4938 | D:5      | Entered Level 5 of the Dungeon
  5303 | D:5      | Noticed a yak
  5304 | D:5      | Found a runed translucent gate.
  5304 | D:5      | Noticed twist's ghost (novice OpHs)
  5305 | D:5      | Found a runed translucent gate.
  5307 | D:5      | Found a runed translucent gate.
  5327 | D:5      | Mangled by a yak

Illustrated notes

Levels and vault maps discovered:
D:1:      zaba_arrival_water, layout_basic, basic_ecumenical_altar
D:2:      layout_loops_ring, basic_altar
D:3:      layout_basic
D:4:      layout_basic, uniq_eustachio
D:5:      layout_rooms, gammafunk_ghost_split

Skill      XL: |  1  2  3  4  5  6  7 |
---------------+----------------------+-----
Conjurations   | 4 5 |  5.8
Dodging        | 2 |  2.8
Spellcasting   | 2 3 4 |  4.4
Fighting       | 1 2 |  2.0
Stealth        | 2 3 |  3.2
Short Blades   | 1 |  1.2

Action                   |  1- 3 |  4- 6 |  7- 9 || total
-------------------------+-------+-------+-------++-------
Melee: Unarmed           |     5 |       |       ||     5
       Rapier            |     9 |     3 |       ||    12
 Cast: Magic Dart        |   104 |       |       ||   104
       Searing Ray       |     1 |    31 |    18 ||    50
  Use: Potion            |       |     1 |       ||     1
       Scroll            |       |    11 |     2 ||    13
Armor: Robe              |     6 |    13 |    10 ||    29
Dodge: Dodged            |     9 |    40 |    20 ||    69

Table legend: (Time is in decaauts)
 A = Elapsed time spent in this place.
 B = Non-inter-level travel time spent in this place.
 C = Inter-level travel time spent in this place.
 D = Time resting spent in this place.
 E = Time spent auto-exploring this place.
 F = Levels seen in this place.
 G = Mean time per level.
                   A        B        C        D        E       F      G
               +--------+--------+--------+--------+--------+-----+--------+
         Total |   5332 |   5323 |      9 |    810 |   3698 |   5 | 1066.4 |
       Dungeon |   5332 |   5323 |      9 |    810 |   3698 |   5 | 1066.4 |
               +--------+--------+--------+--------+--------+-----+--------+

Top non-repeatable levels by time:
     D:4: 1305 daAuts
     D:1: 1266 daAuts
     D:3: 1248 daAuts
     D:2: 1124 daAuts
     D:5: 388 daAuts
